 Dungeon Crawl Stone Soup version 0.29.0-4-gdea44cf6ec (webtiles) character file.

Game seed: 16580510267666027422

27360 qw the Brawler (level 13, -4/124 HPs)
             Began as a Troll Cinder Acolyte on Sept 3, 2022.
             Was an Initiate of Ignis.
             Slain by a 13-headed hydra (6 damage)
             ... on level 2 of the Lair of Beasts.
             The game lasted 00:07:16 (11790 turns).

qw the Brawler (Troll Cinder Acolyte)              Turns: 11790, Time: 00:07:16

Health: -4/124     AC: 14    Str: 29    XL:     13   Next: 3%
Magic:  13/13      EV: 10    Int: 13    God:    Ignis [......]
Gold:   1004       SH: 18    Dex: 13    Spells: 14/14 levels left

rFire   + . .      SeeInvis .     - Unarmed
rCold   . . .      Faith    .   a - +2 kite shield {AC+3}
rNeg    . . .      Spirit   .   k - +1 robe of Puixoo {Drain rPois Int+3 Dex+8}
rPois   +          Reflect  +   (helmet restricted)
rElec   .          Harm     .   c - +1 cloak
rCorr   .          Rampage  .   (gloves unavailable)
Will    +....                   (boots unavailable)
Stlth   +.........              l - amulet of reflection
HPRegen 1.10/turn               p - ring of willpower
MPRegen 0.13/turn               m - +4 ring of protection

@: about to teleport
A: large, unfitting armour, claws 3, regeneration 1, shaggy fur 1, tough skin 1
a: Renounce Religion, Rising Flame


You were on level 2 of the Lair of Beasts.
You worshipped Ignis.
Ignis was noncommittal.
You visited 2 branches of the dungeon, and saw 12 of its levels.

You collected 1195 gold pieces.
You spent 191 gold pieces at shops.


Innate Abilities, Weirdness & Mutations

You are too large for most types of armour.
You have claws for hands.
Your natural rate of healing is unusually fast.
You are covered in fur. (AC +1)
You have tough skin. (AC +1)


   Skills:
 - Level 7.0 Fighting
 - Level 2.2 Throwing
 - Level 1.1 Armour
 - Level 4.1 Dodging
 - Level 11.0 Shields
 + Level 16.1 Unarmed Combat
 - Level 1.0 Spellcasting
 - Level 2.1 Fire Magic


You had 14 spell levels left.
You didn't know any spells.
Your spell library contained the following spells:

 Spells                   Type           Power      Damage    Failure   Level
 Scorch                   Fire           12%        2d6       30%         2

Inventory:

Missiles
 j - 4 boomerangs (quivered)
Armour
 a - a +2 kite shield of protection (worn)
 c - a +1 cloak (worn)
 k - the +1 robe of Puixoo (worn) {Drain rPois Int+3 Dex+8}
   (You found it on level 10 of the Dungeon)

   Int:       It affects your intelligence (+3).
   Dex:       It affects your dexterity (+8).
   rPois:     It protects you from poison.
   Drain:     It drains your maximum health when unequipped.
Jewellery
 b - a ring of ice
 l - an amulet of reflection (around neck)
 m - a +4 ring of protection (right claw)
 p - a ring of willpower (left claw)
Scrolls
 i - 4 scrolls of identify
 n - a scroll of torment {unknown}
 o - 2 scrolls of brand weapon
Potions
 d - 4 potions of curing
 e - a potion of haste
 g - 3 potions of mutation
 h - 2 potions of might

Dungeon Overview and Level Annotations

Branches:
Dungeon (10/15)            Temple (0/1) D:5            Lair (2/5) D:10
  Swamp (0/4) Lair:2          Orc (0/2) D:10
  Snake: Lair:2-3    Spider: Lair:2-3

Altars:
Ashenzari
Cheibriados
Elyvilon
Gozag
Makhleb
Okawaru
Qazlal
Ru
Trog
Vehumet
Xom
Yredelemnul
The Shining One

Shops:
D:4 (*!:   D:7 [


Message History

The ten-headed hydra closely misses you.
The ten-headed hydra bites you! The ten-headed hydra bites you. x2
The ten-headed hydra barely misses you.
You rip one of the ten-headed hydra's heads off!
The nine-headed hydra grows two more!
You claw the 11-headed hydra!
The 11-headed hydra is moderately wounded.
You block the 11-headed hydra's attack.
The 11-headed hydra bites you but does no damage.
You block the 11-headed hydra's attack. The 11-headed hydra closely misses you.
You block the 11-headed hydra's attack. The 11-headed hydra closely misses you.
The 11-headed hydra bites you but does no damage.
The 11-headed hydra bites you. The 11-headed hydra barely misses you.
The 11-headed hydra bites you but does no damage.
You block the 11-headed hydra's attack.
You tear one of the 11-headed hydra's heads off!
The ten-headed hydra grows two more!
You mangle the 12-headed hydra!!
The 12-headed hydra is heavily wounded.
The 12-headed hydra bites you but does no damage.
You block the 12-headed hydra's attack. x3; The 12-headed hydra bites you. x2
The 12-headed hydra barely misses you. The 12-headed hydra bites you.
The 12-headed hydra bites you! You block the 12-headed hydra's attack.
The 12-headed hydra bites you. The 12-headed hydra bites you!
You claw one of the 12-headed hydra's heads off!
The 11-headed hydra grows two more!
You claw the 13-headed hydra!
The 13-headed hydra is heavily wounded.
The 13-headed hydra bites you! The 13-headed hydra bites you.
You block the 13-headed hydra's attack.
The 13-headed hydra completely misses you.
The 13-headed hydra bites you but does no damage.
The 13-headed hydra bites you. x2; You block the 13-headed hydra's attack.
The 13-headed hydra bites you! The 13-headed hydra bites you.
The 13-headed hydra bites you but does no damage.
The 13-headed hydra bites you. The 13-headed hydra misses you.
11790 ||| READING scroll of teleportation.
As you read the scroll of teleportation, it crumbles to dust.
You feel strangely unstable.
You block the 13-headed hydra's attack. x2
The 13-headed hydra bites you but does no damage.
The 13-headed hydra bites you.
You die...

ยค7 #.# ##. .# #..
.. .# .... #.##..
.... ##.... .#...
#....# ..#.. ##
###....#########
.....
#.P##.[......%......
....#
...........@D......
.....
##.....P#.#......
..... #.#...####
.#### ..... ###..###
# ....? #.#..# ###.
#..). #....##....
#.... ##!.....P..
#.... #......P#
#P#.. #.......# ###
# ##.


You could see a 13-headed hydra.

Vanquished Creatures
  A hydra (Lair:1)
  3 two-headed ogres (D:10)
  A manticore (D:9)
  8 elephants (Lair:1)
  A gargoyle (D:10)
  3 cane toads
  A kobold demonologist (D:10)
  A rime drake (Lair:1)
  2 tyrant leeches (Lair:2)
  A hornet (D:10)
  A troll (D:10)
  3 blink frogs (Lair:1)
  A vampire (D:10)
  2 shadows
  3 wyverns (D:10)
  A wraith (D:9)
  A vampire mosquito (D:10)
  33 yaks
  2 basilisks (D:10)
  A steam dragon (D:9)
  Duvessa (D:7)
  3 acid dragons
  12 water moccasins
  A sky beast (D:8)
  8 orc warriors
  3 black bears
  3 ogres
  12 wolves (Lair:2)
  7 centaurs
  A phantom (D:6)
  6 kobold brigands
  6 bullfrogs
  A scorpion (D:6)
  A necrophage (D:3)
  9 wights
  Dowan (D:7)
  A killer bee (D:9)
  7 howler monkeys
  A lava snake (D:8)
  8 jellies
  3 hounds
  Crazy Yiuf (D:2)
  2 orc priests (D:8)
  13 orc wizards
  4 adders
  2 shadow imps (D:6)
  A dart slug (D:4)
  40 orcs
  12 endoplasms
  3 giant cockroaches
  11 goblins
  11 hobgoblins
  2 jackals (D:3)
  3 quokkas
  7 ball pythons
  7 bats
  2 frilled lizards
  19 kobolds
  5 rats
310 creatures vanquished.

Vanquished Creatures (others)
  13 fungi
  17 plants
30 creatures vanquished.

Grand Total: 340 creatures vanquished

Notes
Turn   | Place    | Note
-------+----------+-------------------------------------------
     0 | D:1      | qw the Troll Cinder Acolyte began the quest for the Orb.
     0 | D:1      | Reached XP level 1. HP: 22/22 MP: 1/1
     0 | D:1      | 0 ||| qw: Version: 0.1-a-102-g441f92d
     0 | D:1      | 0 ||| qw: Game counter: 5212
     0 | D:1      | 0 ||| qw: Always use a shield: true
     0 | D:1      | 0 ||| qw: God list: Okawaru
     0 | D:1      | 0 ||| qw: Allow faded altars: false
     0 | D:1      | 0 ||| qw: Do Orc after D:15 true
     0 | D:1      | 0 ||| qw: Do second Lair branch before Depths: true
     0 | D:1      | 0 ||| qw: Lair rune preference: random
     0 | D:1      | 0 ||| qw: Plans: Normal
     0 | D:1      | 0 ||| PLANNING D:1-11
    75 | D:1      | 75 ||| Stepping ~*~*~tactically~*~*~ (stealth).
    83 | D:1      | 83 ||| Stepping ~*~*~tactically~*~*~ (outnumbered).
   263 | D:1      | Reached XP level 2. HP: 29/29 MP: 2/2
   297 | D:1      | 297 ||| Stepping ~*~*~tactically~*~*~ (outnumbered).
   607 | D:1      | 607 ||| DROPPING ring of wizardry.
   608 | D:1      | 608 ||| DRINKING 2 smoky black potions.
   635 | D:1      | 635 ||| DRINKING 2 grey potions.
   636 | D:1      | 636 ||| DROPPING potion of lignification.
   674 | D:2      | Reached skill level 4 in Unarmed Combat
   701 | D:2      | Reached XP level 3. HP: 36/36 MP: 3/3
  1035 | D:2      | Found a faded altar of an unknown god.
  1207 | D:2      | Found a runed translucent door.
  1208 | D:2      | Noticed Crazy Yiuf
  1538 | D:2      | 1538 ||| READING scroll labelled RUCUTW BASAN.
  1598 | D:2      | 1598 ||| READING scroll labelled RIUCZA KIEKKYU.
  1599 | D:2      | 1599 ||| READING scroll labelled BANACUWNAPS.
  1600 | D:2      | 1600 ||| READING 2 scrolls labelled MEAGERCH ELAR.
  1601 | D:2      | 1601 ||| READING scroll labelled ENOCAV XYSOG.
  1602 | D:2      | 1602 ||| READING scroll labelled ERUIKLELAO.
  1603 | D:2      | 1603 ||| DROPPING scroll of immolation.
  1604 | D:2      | 1604 ||| Stepping randomly (stuck).
  1608 | D:2      | 1608 ||| INVOKING Fiery Armour.
  1609 | D:2      | Killed Crazy Yiuf
  1610 | D:2      | Reached skill level 5 in Unarmed Combat
  1610 | D:2      | Reached XP level 4. HP: 20/44 MP: 4/4
  1638 | D:2      | 1638 ||| UPGRADING to +1 cloak.
  1685 | D:3      | 1685 ||| STAIRDANCE
  1889 | D:3      | Noticed a necrophage
  1904 | D:3      | Killed a necrophage
  1905 | D:3      | Reached XP level 5. HP: 46/50 MP: 5/5
  1970 | D:3      | 1970 ||| Stepping ~*~*~tactically~*~*~ (stealth).
  2010 | D:3      | 2010 ||| FLEEEEING.
  2011 | D:3      | 2011 ||| FLEEEEING.
  2012 | D:3      | 2012 ||| FLEEEEING.
  2013 | D:3      | 2013 ||| FLEEEEING.
  2014 | D:3      | 2014 ||| FLEEEEING.
  2016 | D:3      | 2016 ||| FLEEEEING.
  2017 | D:3      | 2017 ||| FLEEEEING.
  2018 | D:3      | 2018 ||| FLEEEEING.
  2019 | D:3      | 2019 ||| FLEEEEING.
  2020 | D:3      | 2020 ||| FLEEEEING.
  2021 | D:3      | 2021 ||| FLEEEEING.
  2023 | D:3      | 2023 ||| FLEEEEING.
  2024 | D:3      | 2024 ||| FLEEEEING.
  2024 | D:3      | HP: 12/50 [poisoned by a kobold]
  2029 | D:3      | 2029 ||| FLEEEEING.
  2029 | D:3      | HP: 11/50 [poisoned by a kobold]
  2030 | D:3      | 2030 ||| FLEEEEING.
  2031 | D:3      | 2031 ||| FLEEEEING.
  2032 | D:3      | 2032 ||| FLEEEEING.
  2034 | D:3      | HP: 9/50 [poisoned by a kobold]
  2036 | D:3      | 2036 ||| STAIRDANCE
  2079 | D:2      | 2079 ||| READING 2 scrolls labelled LEIVAFA NUTAL.
  2080 | D:2      | 2080 ||| READING scroll labelled VULUIBLESO.
  2081 | D:2      | 2081 ||| DROPPING scroll of magic mapping.
  2084 | D:3      | 2084 ||| Stepping ~*~*~tactically~*~*~ (outnumbered).
  2291 | D:3      | Found a glowing golden altar of the Shining One.
  2430 | D:4      | Reached skill level 6 in Unarmed Combat
  2465 | D:4      | Found Wetipagh's Distillery.
  2484 | D:4      | Found Ydiun's Book Shoppe.
  2485 | D:4      | Found Reqapaf's Assorted Antiques.
  2488 | D:4      | 2488 ||| BUYING potion of curing (36 gold).
  2488 | D:4      | Bought a potion of curing for 36 gold pieces
  2488 | D:4      | 2488 ||| BUYING potion of curing (36 gold).
  2488 | D:4      | Bought a potion of curing for 36 gold pieces
  2488 | D:4      | 2488 ||| BUYING potion of mutation (96 gold).
  2488 | D:4      | Bought a potion of mutation for 96 gold pieces
  2490 | D:4      | Found Keutotam's Antique Weapon Shoppe.
  2496 | D:4      | 2496 ||| SHOPLISTING embroidered cloak (195 gold, have 29).
  2496 | D:4      | 2496 ||| SHOPLISTING encrusted pearl ring (130 gold, have
                  | 29).
  2496 | D:4      | 2496 ||| BUYING green potion (23 gold).
  2496 | D:4      | Bought a green potion for 23 gold pieces
  2496 | D:4      | 2496 ||| SHOPLISTING murky emerald potion (23 gold, have
                  | 6).
  2496 | D:4      | 2496 ||| SHOPLISTING scroll labelled AFFOJO ROOD (26 gold,
                  | have 6).
  2496 | D:4      | 2496 ||| SHOPLISTING scroll of teleportation (78 gold, have
                  | 6).
  2579 | D:4      | 2579 ||| Stepping ~*~*~tactically~*~*~ (stealth).
  3049 | D:4      | 3049 ||| UPGRADING to amulet of reflection.
  3054 | D:4      | 3054 ||| READING 3 scrolls of identify.
  3054 | D:4      | 3054 ||| IDENTIFYING metallic cyan potion
  3055 | D:4      | 3055 ||| READING 2 scrolls of identify.
  3055 | D:4      | 3055 ||| IDENTIFYING murky emerald potion
  3056 | D:4      | 3056 ||| DROPPING potion of attraction.
  3076 | D:5      | Entered Level 5 of the Dungeon
  3127 | D:5      | Noticed an ogre
  3135 | D:5      | Killed an ogre
  3136 | D:5      | Reached skill level 7 in Unarmed Combat
  3136 | D:5      | Reached XP level 6. HP: 37/59 MP: 6/6
  3190 | D:5      | 3190 ||| Stepping ~*~*~tactically~*~*~ (stealth).
  3192 | D:5      | 3192 ||| Stepping ~*~*~tactically~*~*~ (stealth).
  3198 | D:5      | 3198 ||| Stepping ~*~*~tactically~*~*~ (outnumbered).
  3199 | D:5      | 3199 ||| Stepping ~*~*~tactically~*~*~ (outnumbered).
  3207 | D:5      | 3207 ||| Stepping ~*~*~tactically~*~*~ (outnumbered).
  3208 | D:5      | 3208 ||| Stepping ~*~*~tactically~*~*~ (outnumbered).
  3209 | D:5      | 3209 ||| Stepping ~*~*~tactically~*~*~ (outnumbered).
  3210 | D:5      | 3210 ||| Stepping ~*~*~tactically~*~*~ (outnumbered).
  3212 | D:5      | 3212 ||| Stepping ~*~*~tactically~*~*~ (outnumbered).
  3213 | D:5      | 3213 ||| Stepping ~*~*~tactically~*~*~ (outnumbered).
  3214 | D:5      | 3214 ||| STAIRDANCE
  3245 | D:4      | 3245 ||| READING scroll labelled GYOCIGIYLL.
  3379 | D:5      | Reached skill level 8 in Unarmed Combat
  3379 | D:5      | Reached XP level 7. HP: 42/66 MP: 7/7
  3526 | D:5      | Found a staircase to the Ecumenical Temple.
  3575 | D:5      | 3575 ||| READING scroll labelled MALEEC CYUSHUB.
  3576 | D:5      | 3576 ||| DRINKING 3 golden potions.
  3577 | D:5      | 3577 ||| READING 2 scrolls of identify.
  3577 | D:5      | 3577 ||| IDENTIFYING fuming purple potion
  3578 | D:5      | 3578 ||| DROPPING potion of flight.
  3579 | D:5      | 3579 ||| DROPPING 2 potions of degeneration.
  3611 | D:6      | Found a burning altar of Makhleb.
  3611 | D:6      | Noticed a blizzard demon
  3645 | D:6      | 3645 ||| Stepping ~*~*~tactically~*~*~ (hiding).
  3655 | D:6      | Reached skill level 3 in Fighting
  3792 | D:6      | 3792 ||| INVOKING Fiery Armour.
  3802 | D:6      | Reached skill level 9 in Unarmed Combat
  3804 | D:6      | 3804 ||| Stepping ~*~*~tactically~*~*~ (outnumbered).
  3808 | D:6      | 3808 ||| FLEEEEING.
  3809 | D:6      | 3809 ||| FLEEEEING.
  3810 | D:6      | 3810 ||| FLEEEEING.
  3811 | D:6      | 3811 ||| FLEEEEING.
  3814 | D:6      | 3814 ||| Stepping ~*~*~tactically~*~*~ (outnumbered).
  3821 | D:6      | 3821 ||| Stepping ~*~*~tactically~*~*~ (outnumbered).
  3824 | D:6      | Reached XP level 8. HP: 54/75 MP: 8/8
  3824 | D:6      | 3824 ||| FLEEEEING.
  3825 | D:6      | 3825 ||| FLEEEEING.
  3826 | D:6      | 3826 ||| FLEEEEING.
  3827 | D:6      | 3827 ||| FLEEEEING.
  3828 | D:6      | 3828 ||| FLEEEEING.
  3829 | D:6      | 3829 ||| FLEEEEING.
  3830 | D:6      | 3830 ||| FLEEEEING.
  3831 | D:6      | 3831 ||| FLEEEEING.
  3832 | D:6      | 3832 ||| FLEEEEING.
  3833 | D:6      | 3833 ||| FLEEEEING.
  3834 | D:6      | 3834 ||| FLEEEEING.
  3835 | D:6      | 3835 ||| FLEEEEING.
  3836 | D:6      | 3836 ||| FLEEEEING.
  4153 | D:6      | Reached skill level 1 in Dodging
  4168 | D:6      | Found a sacrificial altar of Ru.
  4181 | D:6      | 4181 ||| Stepping ~*~*~tactically~*~*~ (stealth).
  4209 | D:6      | Reached skill level 10 in Unarmed Combat
  4329 | D:6      | 4329 ||| Stepping ~*~*~tactically~*~*~ (hiding).
  4331 | D:6      | 4331 ||| Stepping ~*~*~tactically~*~*~ (hiding).
  4669 | D:6      | 4669 ||| UPGRADING to +2 robe of the Archmagi.
  4679 | D:6      | 4679 ||| DROPPING +0 robe.
  4680 | D:6      | 4680 ||| DROPPING +1 cloak.
  4681 | D:6      | 4681 ||| DROPPING ring of flight.
  4682 | D:6      | 4682 ||| UPGRADING to ring of willpower.
  4683 | D:6      | 4683 ||| READING scroll labelled ILAON GUNTUNN.
  4684 | D:6      | 4684 ||| READING 3 scrolls of identify.
  4684 | D:6      | 4684 ||| IDENTIFYING emerald potion
  4685 | D:6      | 4685 ||| READING 2 scrolls of identify.
  4685 | D:6      | 4685 ||| IDENTIFYING green potion
  4686 | D:6      | 4686 ||| DROPPING potion of invisibility.
  4708 | D:7      | Reached skill level 1 in Throwing
  4720 | D:7      | 4720 ||| Stepping ~*~*~tactically~*~*~ (stealth).
  4726 | D:7      | 4726 ||| Stepping ~*~*~tactically~*~*~ (outnumbered).
  4727 | D:7      | 4727 ||| Stepping ~*~*~tactically~*~*~ (outnumbered).
  4728 | D:7      | 4728 ||| Stepping ~*~*~tactically~*~*~ (outnumbered).
  4729 | D:7      | 4729 ||| STAIRDANCE
  4734 | D:7      | 4734 ||| STAIRDANCE
  4744 | D:7      | 4744 ||| STAIRDANCE
  4750 | D:7      | 4750 ||| STAIRDANCE
  4760 | D:7      | Noticed Duvessa
  4761 | D:7      | 4761 ||| Stepping ~*~*~tactically~*~*~ (hiding).
  4763 | D:7      | 4763 ||| INVOKING Fiery Armour.
  4764 | D:7      | Noticed Dowan
  4766 | D:7      | 4766 ||| Stepping ~*~*~tactically~*~*~ (outnumbered).
  4771 | D:7      | Killed Duvessa
  4783 | D:7      | 4783 ||| Stepping ~*~*~tactically~*~*~ (outnumbered).
  4784 | D:7      | 4784 ||| Stepping ~*~*~tactically~*~*~ (outnumbered).
  4784 | D:7      | Killed Dowan
  4785 | D:7      | 4785 ||| Stepping ~*~*~tactically~*~*~ (outnumbered).
  4786 | D:7      | 4786 ||| Stepping ~*~*~tactically~*~*~ (outnumbered).
  4850 | D:7      | Found Zotattoa's Antique Armour Shop.
  5115 | D:7      | Found a broken altar of Ashenzari.
  5337 | D:7      | Found a bloodstained altar of Trog.
  5340 | D:7      | 5340 ||| Stepping ~*~*~tactically~*~*~ (stealth).
  5341 | D:7      | 5341 ||| Stepping ~*~*~tactically~*~*~ (stealth).
  5344 | D:7      | 5344 ||| Stepping ~*~*~tactically~*~*~ (stealth).
  5351 | D:7      | 5351 ||| Stepping ~*~*~tactically~*~*~ (outnumbered).
  5354 | D:7      | 5354 ||| Stepping ~*~*~tactically~*~*~ (outnumbered).
  5359 | D:7      | 5359 ||| Stepping ~*~*~tactically~*~*~ (stealth).
  5370 | D:7      | 5370 ||| Stepping ~*~*~tactically~*~*~ (outnumbered).
  5371 | D:7      | 5371 ||| Stepping ~*~*~tactically~*~*~ (outnumbered).
  5416 | D:7      | 5416 ||| READING scroll labelled AFFOJO ROOD.
  5416 | D:7      | Identified a scroll of acquirement
  5416 | D:7      | 5416 ||| ACQUIRING +2 kite shield of protection
  5416 | D:7      | Acquired a +2 kite shield of protection
  5418 | D:7      | 5418 ||| UPGRADING to +2 kite shield of protection.
  5423 | D:7      | 5423 ||| READING scroll labelled PALUTZ KETAK.
  5446 | D:8      | Reached skill level 1 in Shields
  5446 | D:8      | Reached XP level 9. HP: 83/85 MP: 9/9
  5544 | D:8      | Found an iron altar of Okawaru.
  5545 | D:8      | 5545 ||| Stepping ~*~*~tactically~*~*~ (stealth).
  5559 | D:8      | 5559 ||| Stepping ~*~*~tactically~*~*~ (outnumbered).
  5560 | D:8      | 5560 ||| Stepping ~*~*~tactically~*~*~ (outnumbered).
  5561 | D:8      | 5561 ||| Stepping ~*~*~tactically~*~*~ (outnumbered).
  5573 | D:8      | 5573 ||| Stepping ~*~*~tactically~*~*~ (stealth).
  5629 | D:8      | 5629 ||| Stepping ~*~*~tactically~*~*~ (stealth).
  5700 | D:8      | Identified the +1 ring mail "Dozxibun" {Will+}
  5704 | D:8      | 5704 ||| Stepping ~*~*~tactically~*~*~ (stealth).
  5708 | D:8      | 5708 ||| INVOKING Fiery Armour.
  5710 | D:8      | 5710 ||| Stepping ~*~*~tactically~*~*~ (hiding).
  5716 | D:8      | 5716 ||| Stepping ~*~*~tactically~*~*~ (outnumbered).
  5717 | D:8      | 5717 ||| Stepping ~*~*~tactically~*~*~ (outnumbered).
  5719 | D:8      | Reached skill level 3 in Shields
  5808 | D:8      | 5808 ||| Stepping ~*~*~tactically~*~*~ (hiding).
  5830 | D:8      | Found a basalt altar of Yredelemnul.
  5830 | D:8      | Found a snail-covered altar of Cheibriados.
  5831 | D:8      | 5831 ||| Stepping ~*~*~tactically~*~*~ (hiding).
  6009 | D:8      | 6009 ||| Stepping ~*~*~tactically~*~*~ (stealth).
  6014 | D:8      | 6014 ||| Stepping ~*~*~tactically~*~*~ (outnumbered).
  6089 | D:8      | Found a radiant altar of Vehumet.
  6333 | D:8      | 6333 ||| FLEEEEING.
  6344 | D:8      | 6344 ||| FLEEEEING.
  6345 | D:8      | 6345 ||| FLEEEEING.
  6346 | D:8      | 6346 ||| FLEEEEING.
  6347 | D:8      | 6347 ||| FLEEEEING.
  6348 | D:8      | 6348 ||| FLEEEEING.
  6349 | D:8      | 6349 ||| FLEEEEING.
  6350 | D:8      | 6350 ||| FLEEEEING.
  6351 | D:8      | 6351 ||| FLEEEEING.
  6352 | D:8      | 6352 ||| FLEEEEING.
  6355 | D:8      | 6355 ||| STAIRDANCE
  6388 | D:8      | 6388 ||| Stepping ~*~*~tactically~*~*~ (hiding).
  6394 | D:8      | Reached skill level 6 in Shields
  6763 | D:9      | 6763 ||| Stepping ~*~*~tactically~*~*~ (outnumbered).
  6765 | D:9      | 6765 ||| Stepping ~*~*~tactically~*~*~ (outnumbered).
  6767 | D:9      | 6767 ||| Stepping ~*~*~tactically~*~*~ (outnumbered).
  6783 | D:9      | 6783 ||| Stepping ~*~*~tactically~*~*~ (stealth).
  6788 | D:9      | 6788 ||| Stepping ~*~*~tactically~*~*~ (stealth).
  6790 | D:9      | 6790 ||| Stepping ~*~*~tactically~*~*~ (stealth).
  6975 | D:9      | 6975 ||| Stepping ~*~*~tactically~*~*~ (stealth).
  6989 | D:9      | Noticed a manticore
  6990 | D:9      | 6990 ||| Stepping ~*~*~tactically~*~*~ (stealth).
  6994 | D:9      | Found a shimmering altar of Xom.
  7001 | D:9      | 7001 ||| Stepping ~*~*~tactically~*~*~ (outnumbered).
  7007 | D:9      | Reached XP level 10. HP: 90/94 MP: 10/10
  7012 | D:9      | Killed a manticore
  7014 | D:9      | 7014 ||| Stepping ~*~*~tactically~*~*~ (outnumbered).
  7021 | D:9      | Reached skill level 11 in Unarmed Combat
  7026 | D:9      | 7026 ||| INVOKING Fiery Armour.
  7032 | D:9      | HP: 4/94 [tengu conjurer/bolt of lightning (36)]
  7033 | D:9      | 7033 ||| READING 2 scrolls of teleportation.
  7034 | D:9      | 7034 ||| DRINKING potion of heal wounds.
  7112 | D:9      | 7112 ||| Stepping ~*~*~tactically~*~*~ (stealth).
  7113 | D:9      | 7113 ||| Stepping ~*~*~tactically~*~*~ (stealth).
  7141 | D:9      | 7141 ||| Invisible monster not found???
  7401 | D:9      | Reached skill level 9 in Shields
  7409 | D:9      | Found a white marble altar of Elyvilon.
  7446 | D:9      | 7446 ||| Stepping ~*~*~tactically~*~*~ (stealth).
  7450 | D:9      | 7450 ||| Stepping ~*~*~tactically~*~*~ (stealth).
  7452 | D:9      | 7452 ||| Stepping ~*~*~tactically~*~*~ (hiding).
  7892 | D:9      | 7892 ||| UPGRADING to +4 ring of protection.
  7893 | D:9      | 7893 ||| READING 2 scrolls of identify.
  7893 | D:9      | 7893 ||| IDENTIFYING black potion
  7894 | D:9      | 7894 ||| DRINKING potion of experience.
  7894 | D:9      | Reached skill level 14 in Unarmed Combat
  7894 | D:9      | Reached XP level 11. HP: 101/101 MP: 11/11
  7917 | D:10     | Entered Level 10 of the Dungeon
  7962 | D:10     | Found a staircase to the Lair.
  7966 | D:10     | 7966 ||| INVOKING Fiery Armour.
  7969 | D:10     | 7969 ||| Stepping ~*~*~tactically~*~*~ (outnumbered).
  7970 | D:10     | 7970 ||| Stepping ~*~*~tactically~*~*~ (outnumbered).
  7971 | D:10     | 7971 ||| Stepping ~*~*~tactically~*~*~ (outnumbered).
  7974 | D:10     | 7974 ||| Stepping ~*~*~tactically~*~*~ (outnumbered).
  7979 | D:10     | 7979 ||| Stepping ~*~*~tactically~*~*~ (outnumbered).
  7980 | D:10     | 7980 ||| Stepping ~*~*~tactically~*~*~ (outnumbered).
  7993 | D:10     | Reached skill level 1 in Armour
  8001 | D:10     | 8001 ||| Stepping ~*~*~tactically~*~*~ (outnumbered).
  8002 | D:10     | 8002 ||| Stepping ~*~*~tactically~*~*~ (outnumbered).
  8003 | D:10     | 8003 ||| Stepping ~*~*~tactically~*~*~ (outnumbered).
  8004 | D:10     | 8004 ||| Stepping ~*~*~tactically~*~*~ (outnumbered).
  8005 | D:10     | 8005 ||| Stepping ~*~*~tactically~*~*~ (outnumbered).
  8006 | D:10     | 8006 ||| Stepping ~*~*~tactically~*~*~ (outnumbered).
  8007 | D:10     | 8007 ||| Stepping ~*~*~tactically~*~*~ (outnumbered).
  8086 | D:10     | Identified the +1 robe of Puixoo {Drain rPois Int+3 Dex+8}
  8131 | D:10     | Found a staircase to the Orcish Mines.
  8179 | D:10     | 8179 ||| Stepping ~*~*~tactically~*~*~ (stealth).
  8186 | D:10     | 8186 ||| Stepping ~*~*~tactically~*~*~ (outnumbered).
  8188 | D:10     | 8188 ||| Stepping ~*~*~tactically~*~*~ (outnumbered).
  8190 | D:10     | 8190 ||| Stepping ~*~*~tactically~*~*~ (outnumbered).
  8191 | D:10     | 8191 ||| Stepping ~*~*~tactically~*~*~ (outnumbered).
  8192 | D:10     | 8192 ||| Stepping ~*~*~tactically~*~*~ (outnumbered).
  8193 | D:10     | 8193 ||| Stepping ~*~*~tactically~*~*~ (outnumbered).
  8233 | D:10     | 8233 ||| INVOKING Fiery Armour.
  8239 | D:10     | 8239 ||| Stepping ~*~*~tactically~*~*~ (outnumbered).
  8240 | D:10     | 8240 ||| Stepping ~*~*~tactically~*~*~ (outnumbered).
  8241 | D:10     | 8241 ||| Stepping ~*~*~tactically~*~*~ (outnumbered).
  8242 | D:10     | 8242 ||| Stepping ~*~*~tactically~*~*~ (outnumbered).
  8243 | D:10     | 8243 ||| Stepping ~*~*~tactically~*~*~ (outnumbered).
  8245 | D:10     | 8245 ||| Stepping ~*~*~tactically~*~*~ (outnumbered).
  8247 | D:10     | 8247 ||| Stepping ~*~*~tactically~*~*~ (outnumbered).
  8404 | D:10     | 8404 ||| Stepping ~*~*~tactically~*~*~ (outnumbered).
  8405 | D:10     | 8405 ||| Stepping ~*~*~tactically~*~*~ (outnumbered).
  8406 | D:10     | 8406 ||| Stepping ~*~*~tactically~*~*~ (outnumbered).
  8426 | D:10     | 8426 ||| Stepping ~*~*~tactically~*~*~ (hiding).
  8474 | D:10     | Reached skill level 6 in Fighting
  8478 | D:10     | Noticed a two-headed ogre
  8485 | D:10     | Killed a two-headed ogre
  8535 | D:10     | 8535 ||| Stepping ~*~*~tactically~*~*~ (hiding).
  8550 | D:10     | 8550 ||| INVOKING Fiery Armour.
  8771 | D:10     | 8771 ||| Stepping ~*~*~tactically~*~*~ (stealth).
  8784 | D:10     | Reached XP level 12. HP: 114/114 MP: 12/12
  8846 | D:10     | 8846 ||| Stepping ~*~*~tactically~*~*~ (stealth).
  8847 | D:10     | 8847 ||| Stepping ~*~*~tactically~*~*~ (stealth).
  8849 | D:10     | 8849 ||| Stepping ~*~*~tactically~*~*~ (stealth).
  8853 | D:10     | Noticed a two-headed ogre
  8861 | D:10     | Killed a two-headed ogre
  8862 | D:10     | Reached skill level 15 in Unarmed Combat
  8921 | D:10     | 8921 ||| Stepping ~*~*~tactically~*~*~ (stealth).
  8929 | D:10     | Noticed a two-headed ogre
  8937 | D:10     | Killed a two-headed ogre
  8944 | D:10     | Identified the +3 morningstar of Citz {freeze, rPois rF-
                  | MP+9}
  8960 | D:10     | 8960 ||| Stepping ~*~*~tactically~*~*~ (outnumbered).
  9037 | D:10     | 9037 ||| Stepping ~*~*~tactically~*~*~ (stealth).
  9166 | D:10     | Found an opulent altar of Gozag.
  9231 | D:10     | 9231 ||| Stepping ~*~*~tactically~*~*~ (stealth).
  9232 | D:10     | 9232 ||| Stepping ~*~*~tactically~*~*~ (stealth).
  9360 | D:10     | 9360 ||| PLANNING LAIR
  9360 | D:10     | 9360 ||| UPGRADING to +1 robe of Puixoo {Drain rPois Int+3
                  | Dex+8}.
  9370 | D:10     | 9370 ||| DROPPING +2 robe of the Archmagi.
  9371 | D:10     | 9371 ||| DROPPING scarf of invisibility.
  9372 | D:10     | 9372 ||| READING 5 scrolls of identify.
  9372 | D:10     | 9372 ||| IDENTIFYING coppery potion
  9373 | D:10     | 9373 ||| DROPPING potion of brilliance.
  9392 | Lair:1   | Entered Level 1 of the Lair of Beasts
  9394 | Lair:1   | 9394 ||| Stepping ~*~*~tactically~*~*~ (stealth).
  9399 | Lair:1   | 9399 ||| Stepping ~*~*~tactically~*~*~ (stealth).
  9457 | Lair:1   | 9457 ||| Stepping ~*~*~tactically~*~*~ (stealth).
  9473 | Lair:1   | 9473 ||| Stepping ~*~*~tactically~*~*~ (stealth).
  9474 | Lair:1   | 9474 ||| Stepping ~*~*~tactically~*~*~ (stealth).
  9484 | Lair:1   | Reached skill level 3 in Dodging
  9539 | Lair:1   | 9539 ||| Stepping ~*~*~tactically~*~*~ (hiding).
  9589 | Lair:1   | 9589 ||| Stepping ~*~*~tactically~*~*~ (stealth).
  9598 | Lair:1   | 9598 ||| Stepping ~*~*~tactically~*~*~ (hiding).
  9700 | Lair:1   | 9700 ||| Stepping ~*~*~tactically~*~*~ (hiding).
  9802 | Lair:1   | 9802 ||| Stepping ~*~*~tactically~*~*~ (hiding).
  9904 | Lair:1   | 9904 ||| Stepping ~*~*~tactically~*~*~ (hiding).
 10178 | Lair:1   | 10178 ||| Stepping ~*~*~tactically~*~*~ (outnumbered).
 10245 | Lair:1   | 10245 ||| INVOKING Fiery Armour.
 10247 | Lair:1   | 10247 ||| Stepping ~*~*~tactically~*~*~ (outnumbered).
 10248 | Lair:1   | 10248 ||| Stepping ~*~*~tactically~*~*~ (outnumbered).
 10249 | Lair:1   | 10249 ||| Stepping ~*~*~tactically~*~*~ (outnumbered).
 10252 | Lair:1   | 10252 ||| Stepping ~*~*~tactically~*~*~ (outnumbered).
 10254 | Lair:1   | 10254 ||| Stepping ~*~*~tactically~*~*~ (outnumbered).
 10255 | Lair:1   | 10255 ||| Stepping ~*~*~tactically~*~*~ (outnumbered).
 10257 | Lair:1   | 10257 ||| Stepping ~*~*~tactically~*~*~ (outnumbered).
 10258 | Lair:1   | 10258 ||| Stepping ~*~*~tactically~*~*~ (outnumbered).
 10259 | Lair:1   | 10259 ||| Stepping ~*~*~tactically~*~*~ (outnumbered).
 10260 | Lair:1   | 10260 ||| Stepping ~*~*~tactically~*~*~ (outnumbered).
 10378 | Lair:1   | Identified the +4 morningstar "Widowermaker" {elec, rElec}
 10420 | Lair:1   | Noticed a four-headed hydra
 10421 | Lair:1   | 10421 ||| INVOKING Fiery Armour.
 10428 | Lair:1   | Killed a six-headed hydra
 10467 | Lair:1   | Reached skill level 16 in Unarmed Combat
 10471 | Lair:1   | You fall into a shaft and drop 1 floor!
 10672 | Lair:1   | 10672 ||| INVOKING Fiery Armour.
 11102 | Lair:2   | 11102 ||| Stepping ~*~*~tactically~*~*~ (stealth).
 11115 | Lair:2   | 11115 ||| INVOKING Fiery Armour.
 11120 | Lair:2   | 11120 ||| Stepping ~*~*~tactically~*~*~ (outnumbered).
 11121 | Lair:2   | 11121 ||| Stepping ~*~*~tactically~*~*~ (outnumbered).
 11122 | Lair:2   | 11122 ||| Stepping ~*~*~tactically~*~*~ (outnumbered).
 11122 | Lair:2   | Found a staircase to the Swamp.
 11152 | Lair:2   | 11152 ||| Stepping ~*~*~tactically~*~*~ (outnumbered).
 11154 | Lair:2   | 11154 ||| Stepping ~*~*~tactically~*~*~ (outnumbered).
 11155 | Lair:2   | 11155 ||| Stepping ~*~*~tactically~*~*~ (outnumbered).
 11158 | Lair:2   | Reached XP level 13. HP: 124/124 MP: 13/13
 11175 | Lair:2   | Found a stormy altar of Qazlal.
 11210 | Lair:2   | 11210 ||| FLEEEEING.
 11211 | Lair:2   | 11211 ||| FLEEEEING.
 11212 | Lair:2   | 11212 ||| FLEEEEING.
 11213 | Lair:2   | 11213 ||| FLEEEEING.
 11214 | Lair:2   | 11214 ||| FLEEEEING.
 11215 | Lair:2   | 11215 ||| FLEEEEING.
 11216 | Lair:2   | 11216 ||| FLEEEEING.
 11217 | Lair:2   | 11217 ||| FLEEEEING.
 11218 | Lair:2   | 11218 ||| FLEEEEING.
 11219 | Lair:2   | 11219 ||| FLEEEEING.
 11220 | Lair:2   | 11220 ||| FLEEEEING.
 11221 | Lair:2   | 11221 ||| FLEEEEING.
 11222 | Lair:2   | 11222 ||| FLEEEEING.
 11223 | Lair:2   | 11223 ||| FLEEEEING.
 11224 | Lair:2   | 11224 ||| FLEEEEING.
 11225 | Lair:2   | 11225 ||| FLEEEEING.
 11226 | Lair:2   | 11226 ||| FLEEEEING.
 11227 | Lair:2   | 11227 ||| STAIRDANCE
 11329 | Lair:1   | 11329 ||| READING scroll labelled YSSUOD ELEZID.
 11432 | Lair:2   | 11432 ||| STAIRDANCE
 11438 | Lair:2   | 11438 ||| STAIRDANCE
 11440 | Lair:1   | 11440 ||| Stepping ~*~*~tactically~*~*~ (outnumbered).
 11446 | Lair:2   | 11446 ||| Stepping ~*~*~tactically~*~*~ (outnumbered).
 11447 | Lair:2   | 11447 ||| Stepping ~*~*~tactically~*~*~ (outnumbered).
 11448 | Lair:2   | 11448 ||| INVOKING Fiery Armour.
 11449 | Lair:2   | 11449 ||| Stepping ~*~*~tactically~*~*~ (outnumbered).
 11464 | Lair:2   | 11464 ||| PLANNING CONVERSION TO OKAWARU
 11464 | Lair:2   | 11464 ||| Stepping ~*~*~tactically~*~*~ (stealth).
 11567 | D:8      | 11567 ||| PLANNING D:1-11
 11587 | D:7      | 11587 ||| READING 2 scrolls of teleportation.
 11588 | D:7      | 11588 ||| PLANNING LAIR
 11789 | Lair:2   | HP: 28/124 [13-headed hydra (5)]
 11789 | Lair:2   | HP: 12/124 [13-headed hydra (9)]
 11789 | Lair:2   | HP: 1/124 [13-headed hydra (6)]
 11790 | Lair:2   | 11790 ||| READING scroll of teleportation.
 11790 | Lair:2   | Slain by a 13-headed hydra

Levels and vault maps discovered:
D:1:      spicycebolla_green_bress_n_ham, layout_rooms,
          minmay_misc_feat_enclosed
D:2:      layout_loops_corners, ebering_ecumenical_altar_mist,
          uniq_crazy_yiuf_cottage
D:3:      layout_rooms, tso_altar
D:4:      layout_basic, minmay_shop_grid_forest
D:5:      layout_cave_pools, minmay_temple_entry_stoned_glass
D:6:      layout_loops_corners, makhleb_altar_promises_db,
          nicolae_ru_great_annihilating_truth
D:7:      layout_basic, lemuel_coloured_pillars_altar, trog_hazing_becter,
          serial_shops, nicolae_stop_n_shop_1, uniq_duvessa
D:8:      layout_basic, nicolae_vehumet_altar_sigil,
          nicolae_overflow_two_pavilions, mainiacjoe_overflow_surrounded_room
D:9:      layout_basic, mainiacjoe_overflow_tiny_flanked, minmay_ruined_shrine
D:10:     minmay_polygon_palace, layout_cave_pools,
          nicolae_gozag_cash_rules_everything_around_me,
          minmay_lair_entry_grove, kennysheep_kite_vault
Lair:1:   layout_small_grid
Lair:2:   lemuel_slime, layout_misc_corridors, minmay_swamp_entry_worms,
          basic_altar, st_stairs_11

Skill      XL: |  1  2  3  4  5  6  7  8  9 10 11 12 |
---------------+-------------------------------------+-----
Unarmed Combat | 4 5 7 8 9 10 14 16 | 16.1
Fighting       | 3 4 6 7 |  7.0
Dodging        | 1 4 |  4.1
Throwing       | 1 2 |  2.2
Shields        | 1 7 9 10 11 | 11.0
Armour         | 1 |  1.1
Spellcasting   | |  1.0
Fire Magic     | |  2.1

Action                   |  1- 3 |  4- 6 |  7- 9 | 10-12 | 13-15 || total
-------------------------+-------+-------+-------+-------+-------++-------
Melee: Unarmed           |    91 |    93 |   314 |   498 |    41 ||  1037
       Punch             |     1 |     3 |     5 |       |       ||     9
Throw: Boomerang         |       |       |     4 |    95 |     6 ||   105
Invok: Fiery Armour      |     1 |       |     3 |     8 |     1 ||    13
  Use: Potion            |     2 |       |     1 |     2 |       ||     5
       Scroll            |     6 |     5 |     7 |     3 |     3 ||    24
 Stab: Invisible         |     1 |       |       |       |       ||     1
       Paralysed         |       |       |     1 |       |       ||     1
       Distracted        |       |       |       |     1 |       ||     1
Armor: Robe              |    19 |    39 |    93 |   205 |    24 ||   380
Dodge: Dodged            |    32 |    29 |    61 |   128 |    16 ||   266
Block: Other             |       |     9 |    30 |       |       ||    39
       Reflection        |       |     2 |     3 |    20 |       ||    25
       Kite shield       |       |       |    65 |   419 |    43 ||   527

Table legend:
 A = Non-vault XP
 B = Vault XP
 C = Vault XP percentage of total XP
 D = Non-vault monster count
 E = Vault monster count
 F = Vault count percentage of total count
                 A         B        C        D         E       F
            +---------+---------+-------+---------+---------+-------
      Total |   19994 |   11659 |  36.8 |     228 |      82 |  26.5
            +---------+---------+-------+---------+---------+-------
        D:1 |      26 |       0 |   0.0 |      17 |       0 |   0.0
        D:2 |      46 |      41 |  47.1 |      14 |       1 |   6.7
        D:3 |     108 |       0 |   0.0 |      15 |       0 |   0.0
        D:4 |      71 |       0 |   0.0 |      13 |       0 |   0.0
        D:5 |     534 |       0 |   0.0 |       7 |       0 |   0.0
        D:6 |    1271 |       5 |   0.4 |      31 |       4 |  11.4
        D:7 |     446 |     230 |  34.0 |      14 |       8 |  36.4
        D:8 |    1696 |       0 |   0.0 |      27 |       0 |   0.0
        D:9 |    2053 |     995 |  32.6 |      15 |       7 |  31.8
       D:10 |    1657 |    9545 |  85.2 |      25 |      45 |  64.3
     Lair:1 |    9975 |      90 |   0.9 |      35 |       3 |   7.9
     Lair:2 |    2111 |     753 |  26.3 |      15 |      14 |  48.3
            +---------+---------+-------+---------+---------+-------
